 Dungeon Crawl Stone Soup version 0.29.0-15-g675c0067aa (webtiles) character file.

Game seed: 2590850801751904518

1586 qw the Cleaver (level 8, 0/51 HPs)
             Began as a Gargoyle Fighter on Sept 11, 2022.
             Slain by a wight
             ... wielding a +3 trident
              (7 damage)
             ... on level 6 of the Dungeon.
             The game lasted 00:02:09 (5381 turns).

qw the Cleaver (Gargoyle Fighter)                   Turns: 5381, Time: 00:02:09

Health: 0/51       AC: 17    Str: 21    XL:     8   Next: 92%
Magic:  8/8        EV: 10    Int: 10    God:
Gold:   228        SH:  4    Dex:  9    Spells: 7/7 levels left

rFire   . . .      SeeInvis .   Y - +1 war axe (elec)
rCold   . . .      Faith    .   c - +0 buckler
rNeg    + . .      Spirit   .   e - quicksilver dragon scales
rPois   inf        Reflect  .   (no helmet)
rElec   +          Harm     .   (no cloak)
rCorr   .          Rampage  .   (no gloves)
Will    +....                   a - +0 pair of boots
Stlth   ..........              (no amulet)
HPRegen 0.17/turn               (no ring)
MPRegen 0.11/turn               (no ring)

@: no status effects
A: sickness immunity, AC +5, negative energy resistance 1, electricity
resistance, torment resistance 1, petrification resistance
a: no special abilities


You were on level 6 of the Dungeon.
You visited 1 branch of the dungeon, and saw 6 of its levels.

You collected 228 gold pieces.


Innate Abilities, Weirdness & Mutations

You are immune to sickness and miasma.
Your stone body is resilient. (AC +5)
You are immune to poison.
You resist negative energy. (rN+)
You are resistant to electric shocks. (rElec)
You are resistant to unholy torment.
You are immune to petrification.


   Skills:
 - Level 6.0 Fighting
 + Level 8.8 Axes
 - Level 3.2 Armour
 - Level 2.2 Dodging
 - Level 3.2 Shields


You had 7 spell levels left.
You didn't know any spells.
Your spell library was empty.

Inventory:

Hand Weapons
 j - a +0 flail
 Y - a +1 war axe of electrocution (weapon)
Armour
 a - a +0 pair of boots (worn)
 c - a +0 buckler (worn)
 e - quicksilver dragon scales (worn)
Scrolls
 f - 4 scrolls of identify
 n - 2 scrolls of blinking
Potions
 b - a potion of mutation
 d - a potion of might
 h - 2 potions of attraction
 i - a potion of curing

Dungeon Overview and Level Annotations

Branches:
Dungeon (6/15)
 Temple: D:4-7

Altars:
Qazlal
Sif Muna


Message History

The wight closely misses you. The wight hits you but does no damage.
The wight hits you with a +4 war axe.
You slash the wight!
The wight is heavily damaged.
You closely miss the wight. You slash the wight!
Lightning courses through the wight! The wight misses you.
The wight barely misses you. The wight hits you but does no damage.
The wight hits you from afar with a +3 trident!
You hit the wight but do no damage.
The wight is almost destroyed.
You slash the wight!
You destroy the wight!
You barely miss the wight.
The wight hits you with a +3 spear of freezing.
The wight freezes you. You block the wight's attack.
The wight hits you with a +5 mace of freezing.
The wight freezes you.
You hit the wight. Lightning courses through the wight!
You destroy the wight!
You slash the wight! The wight barely misses you. The wight closely misses you.
You block the wight's attack. The wight barely misses you.
The wight hits you with a +5 mace of freezing.
The wight freezes you.
You hit the wight but do no damage.
The wight is heavily damaged.
You hit the wight. Lightning courses through the wight!
You destroy the wight!
The wight hits you with a +5 mace of freezing!
The wight freezes you. You block the wight's attack.
You slash the wight!
The wight is almost destroyed.
The wight hits you with a +5 mace of freezing.
The wight freezes you.
The wight hits you from afar with a +3 trident.
You slash the wight!
You destroy the wight!
The wight hits you from afar with a +3 trident!
You die...

##.######
........####
#.?....$..#
#.........#
#.........#
#...$..z..#
#....)))..#
#@# #.# #.#
#.# #.# #.#
#.# ##.#
##/## .>#
#...# #.#
#...#
#.###...#
#...'...#


You could see a wight.

Vanquished Creatures
  Prince Ribbit (D:5)
  An ice beast (D:5)
  An ogre (D:5)
  A sky beast (D:6)
  A black bear (D:4)
  A kobold brigand (D:4)
  A necrophage (D:5)
  2 scorpions (D:5)
  4 wights (D:6)
  A howler monkey (D:5)
  5 hounds
  4 iguanas
  Terence (D:2)
  10 gnolls (D:4)
  8 adders
  An ufetubus (D:3)
  3 worms
  2 dart slugs
  13 orcs
  8 bats
  8 endoplasms
  6 giant cockroaches
  12 goblins
  9 hobgoblins
  2 jackals (D:1)
  7 quokkas
  10 ball pythons
  A frilled lizard (D:3)
  16 kobolds
  3 rats
143 creatures vanquished.

Vanquished Creatures (others)
  A plant (D:4)
1 creature vanquished.

Grand Total: 144 creatures vanquished

Notes
Turn   | Place    | Note
-------+----------+-------------------------------------------
     0 | D:1      | qw the Gargoyle Fighter began the quest for the Orb.
     0 | D:1      | Reached XP level 1. HP: 14/14 MP: 1/1
     0 | D:1      | 0 ||| qw: Version: 0.1-a-119-g272c26d
     0 | D:1      | 0 ||| qw: Game counter: 10694
     0 | D:1      | 0 ||| qw: Always use a shield: true
     0 | D:1      | 0 ||| qw: God list: Okawaru
     0 | D:1      | 0 ||| qw: Allow faded altars: false
     0 | D:1      | 0 ||| qw: Do Orc after D:15 true
     0 | D:1      | 0 ||| qw: Do second Lair branch before Depths: true
     0 | D:1      | 0 ||| qw: Lair rune preference: random
     0 | D:1      | 0 ||| qw: Plans: Normal, Zot, God:TSO, Crypt, Tomb, Pan,
                  | Slime, Hells, Zig, Abyss, Orb
     0 | D:1      | 0 ||| PLANNING D:1-11
    58 | D:1      | Reached skill level 2 in Axes
   417 | D:1      | Reached XP level 2. HP: 19/19 MP: 2/2
   719 | D:1      | 719 ||| Stepping ~*~*~tactically~*~*~ (stealth).
   723 | D:1      | Reached skill level 3 in Axes
   733 | D:1      | Reached XP level 3. HP: 14/23 MP: 3/3
   914 | D:1      | 914 ||| DROPPING ring of wizardry.
   915 | D:1      | 915 ||| READING scroll labelled TITARGH KUUCIUCYHE.
   916 | D:1      | 916 ||| READING 3 scrolls labelled IVOUCAT ERRASK.
   917 | D:1      | 917 ||| READING scroll labelled BOEWET OMUAX.
   918 | D:1      | 918 ||| READING scroll labelled LIJ ORGHITSUASITARI.
   919 | D:1      | 919 ||| DRINKING 2 fizzy blue potions.
   920 | D:1      | 920 ||| DRINKING 2 green potions.
   921 | D:1      | 921 ||| READING 2 scrolls of identify.
   921 | D:1      | 921 ||| IDENTIFYING bubbling purple potion
   922 | D:1      | 922 ||| DROPPING potion of invisibility.
  1030 | D:2      | 1030 ||| Stepping ~*~*~tactically~*~*~ (stealth).
  1096 | D:2      | Noticed Terence
  1105 | D:2      | Killed Terence
  1106 | D:2      | Reached XP level 4. HP: 28/28 MP: 4/4
  1163 | D:2      | Reached skill level 4 in Axes
  1554 | D:2      | 1554 ||| UPGRADING to +0 chain mail.
  1564 | D:2      | 1564 ||| DROPPING +0 scale mail.
  1565 | D:2      | 1565 ||| READING scroll labelled IPHOZORALI.
  1566 | D:2      | 1566 ||| READING scroll labelled KOLLUE QIFIKEH.
  1995 | D:3      | Reached XP level 5. HP: 28/32 MP: 5/5
  2152 | D:3      | Identified the +2 robe "Nixtorch" {Rampage Will++ Regen+
                  | Slay-6}
  2272 | D:3      | 2272 ||| Stepping ~*~*~tactically~*~*~ (stealth).
  2365 | D:3      | Found a shimmering blue altar of Sif Muna.
  2403 | D:3      | 2403 ||| UPGRADING to quicksilver dragon scales.
  2413 | D:3      | 2413 ||| DROPPING +0 chain mail.
  2414 | D:3      | 2414 ||| DROPPING ring of flight.
  2415 | D:3      | 2415 ||| READING scroll labelled NUPAET BEMINIGI.
  2474 | D:3      | 2474 ||| READING scroll labelled EFUOME BIRGHY.
  2475 | D:3      | 2475 ||| READING scroll labelled XOEPUN QALEK.
  2476 | D:3      | 2476 ||| READING 4 scrolls of identify.
  2476 | D:3      | 2476 ||| IDENTIFYING lumpy yellow potion
  2477 | D:3      | 2477 ||| READING 3 scrolls of identify.
  2477 | D:3      | 2477 ||| IDENTIFYING bubbling pink potion
  2478 | D:3      | 2478 ||| DROPPING potion of magic.
  2499 | D:4      | 2499 ||| PLANNING SEWER
  2583 | D:4      | Reached skill level 5 in Axes
  2672 | D:4      | 2672 ||| Stepping ~*~*~tactically~*~*~ (stealth).
  2675 | D:4      | Noticed a black bear
  2679 | D:4      | HP: 6/32 [black bear (4)]
  2680 | D:4      | 2680 ||| DRINKING 2 potions of heal wounds.
  2684 | D:4      | 2684 ||| DRINKING potion of heal wounds.
  2686 | D:4      | Killed a black bear
  2687 | D:4      | Reached XP level 6. HP: 17/37 MP: 6/6
  2893 | D:4      | 2893 ||| DROPPING +0 whip.
  3080 | D:4      | 3080 ||| SWAPPING to +1 war axe of electrocution.
  3081 | D:4      | 3081 ||| DROPPING +1 war axe.
  3130 | D:4      | 3130 ||| RIP SEWER
  3189 | D:4      | 3189 ||| PLANNING D:1-11
  3212 | D:4      | Reached XP level 7. HP: 37/43 MP: 7/7
  3546 | D:4      | 3546 ||| Stepping ~*~*~tactically~*~*~ (hiding).
  3777 | D:4      | 3777 ||| DROPPING +3 mace.
  3969 | D:4      | 3969 ||| UPGRADING to +0 pair of boots.
  3974 | D:4      | 3974 ||| READING scroll labelled OZXUVE UJEOJET.
  3978 | D:4      | 3978 ||| READING 3 scrolls labelled MEOMERGHAATO.
  3979 | D:4      | 3979 ||| READING 6 scrolls of identify.
  3979 | D:4      | 3979 ||| IDENTIFYING metallic puce potion
  3980 | D:4      | 3980 ||| READING 5 scrolls of identify.
  3980 | D:4      | 3980 ||| IDENTIFYING fuming inky potion
  3981 | D:4      | 3981 ||| DROPPING potion of flight.
  3982 | D:4      | 3982 ||| DROPPING 2 scrolls of poison.
  4024 | D:5      | Entered Level 5 of the Dungeon
  4034 | D:5      | Reached skill level 6 in Axes
  4034 | D:5      | 4034 ||| STAIRDANCE
  4192 | D:5      | 4192 ||| Stepping ~*~*~tactically~*~*~ (stealth).
  4199 | D:5      | 4199 ||| Stepping ~*~*~tactically~*~*~ (stealth).
  4202 | D:5      | 4202 ||| Stepping ~*~*~tactically~*~*~ (stealth).
  4224 | D:5      | 4224 ||| FLEEEEING.
  4226 | D:5      | 4226 ||| FLEEEEING.
  4227 | D:5      | 4227 ||| FLEEEEING.
  4228 | D:5      | 4228 ||| FLEEEEING.
  4229 | D:5      | 4229 ||| FLEEEEING.
  4230 | D:5      | 4230 ||| FLEEEEING.
  4231 | D:5      | 4231 ||| FLEEEEING.
  4232 | D:5      | 4232 ||| STAIRDANCE
  4279 | D:5      | 4279 ||| DROPPING +0 whip of electrocution.
  4373 | D:5      | Noticed Prince Ribbit
  4374 | D:5      | 4374 ||| Stepping ~*~*~tactically~*~*~ (stealth).
  4377 | D:5      | 4377 ||| Stepping ~*~*~tactically~*~*~ (stealth).
  4383 | D:5      | Reached skill level 7 in Axes
  4407 | D:5      | Killed Prince Ribbit
  4408 | D:5      | Reached XP level 8. HP: 22/51 MP: 8/8
  4691 | D:5      | Reached skill level 8 in Axes
  5021 | D:5      | Found a stormy altar of Qazlal.
  5031 | D:5      | Reached skill level 6 in Fighting
  5331 | D:6      | 5331 ||| Stepping ~*~*~tactically~*~*~ (stealth).
  5332 | D:6      | 5332 ||| Stepping ~*~*~tactically~*~*~ (stealth).
  5379 | D:6      | HP: 12/51 [wight/+5 mace of freezing (2)]
  5381 | D:6      | Slain by a wight

Levels and vault maps discovered:
D:1:      lightli_arrival_isolated_outpost, layout_rooms
D:2:      layout_basic, st_stairs_5, uniq_terence
D:3:      layout_rooms, led_sif_pool
D:4:      corexii_shantytown, layout_basic, gup_sewer_entry_bowl
D:5:      layout_gridville, grunt_qazlal_sundering, serial_rivers,
          chequers_serial_rivers_micro_b, chequers_serial_rivers_room_a,
          chequers_serial_rivers_micro_c, chequers_serial_rivers_micro_b,
          chequers_serial_rivers_micro_a, nicolae_eternal_life,
          uniq_prince_ribbit1
D:6:      layout_basic, mainiacjoe_overflow_surrounded_room

Skill      XL: |  1  2  3  4  5  6  7  8 |
---------------+-------------------------+-----
Axes           | 2 3 4 5 7 8 |  8.8
Dodging        | 2 |  2.2
Fighting       | 4 5 6 |  6.0
Armour         | |  3.2
Shields        | |  3.2

Action                   |  1- 3 |  4- 6 |  7- 9 || total
-------------------------+-------+-------+-------++-------
Melee: War axe           |    87 |   172 |   181 ||   440
Throw: Boomerang         |     9 |    35 |       ||    44
  Use: Scroll            |     5 |     7 |     4 ||    16
       Potion            |     2 |     2 |       ||     4
Armor: Scale mail        |    52 |     9 |       ||    61
       Chain mail        |       |    54 |       ||    54
       Quicksilver drago |       |    50 |    72 ||   122
Dodge: Dodged            |    52 |    93 |    70 ||   215
Block: Buckler           |    14 |    39 |    33 ||    86

Table legend:
 A = Non-vault XP
 B = Vault XP
 C = Vault XP percentage of total XP
 D = Non-vault monster count
 E = Vault monster count
 F = Vault count percentage of total count
                 A         B        C        D         E       F
            +---------+---------+-------+---------+---------+-------
      Total |    1911 |     430 |  18.4 |     105 |      38 |  26.6
            +---------+---------+-------+---------+---------+-------
        D:1 |      36 |       0 |   0.0 |      21 |       0 |   0.0
        D:2 |      39 |      48 |  55.2 |      15 |       3 |  16.7
        D:3 |      89 |       0 |   0.0 |      25 |       0 |   0.0
        D:4 |     438 |     108 |  19.8 |      19 |      34 |  64.2
        D:5 |     847 |     274 |  24.4 |      19 |       1 |   5.0
        D:6 |     462 |       0 |   0.0 |       6 |       0 |   0.0
            +---------+---------+-------+---------+---------+-------
